 Dungeon Crawl Stone Soup version 0.18-b1-22-ge198996 (webtiles) character file.

215 Chiseanne the Magician (level 5, 0/57 HPs)
             Began as a Demonspawn Wizard on May 4, 2016.
             Slain by a worker ant (1 damage)
             ... on level 4 of the Dungeon.
             The game lasted 00:11:18 (3877 turns).

Chiseanne the Magician (Demonspawn Wizard)          Turns: 3877, Time: 00:11:19

Health: 0/57       AC: 22    Str:  7    XL:     5   Next: 60%
Magic:  6/11       EV:  2    Int: 20    God:
Gold:   112        SH:  0    Dex: 17    Spells: 4 memorised, 5 levels left

rFire  . . .     SeeInvis .     a - +1 quarterstaff
rCold  . . .     Gourm    .     (armour currently unavailable)
rNeg   + + +     Faith    .     (shield currently unavailable)
rPois  +         Spirit   .     (helmet currently unavailable)
rElec  .         Dismiss  .     (cloak currently unavailable)
rCorr  .         Reflect  .     (gloves currently unavailable)
SustAt .         Harm     .     (boots currently unavailable)
MR     .....     NoTele   +     (no amulet)
Stlth  ++++......               (no ring)
                                l - ring of stealth

@: agile, tree-form (expiring), very slightly contaminated, hasted, repel
missiles, very quick, not resistant to hostile enchantments, stealthy
A: (thin metallic scales 0)
a: no special abilities


You were on level 4 of the Dungeon.
You were not hungry.
You were a tree.
You visited 1 branch of the dungeon, and saw 4 of its levels.

You collected 112 gold pieces.

Inventory:

Hand Weapons
 a - a +1 quarterstaff (weapon)
Missiles
 e - 49 bolts
 g - 118 stones (quivered)
 j - 37 arrows
 m - 13 poisoned needles
 s - a throwing net
Armour
 b - a +0 hat (melded)
 p - a +0 robe (melded)
 u - a +1 cloak (melded)
Jewellery
 l - a ring of stealth (left branch)
 t - a +4 ring of dexterity {unknown}
Wands
 o - a wand of lightning (3/15)
Scrolls
 i - a scroll of immolation
Books
 c - a book of Minor Magic

   Spells                             Type                      Level
   a - Magic Dart                     Conjuration                  1
   b - Blink                          Translocation                2
   c - Call Imp                       Summoning                    2
   d - Repel Missiles                 Charms/Air                   2
   e - Slow                           Hexes                        2
   f - Conjure Flame                  Conjuration/Fire             3
   g - Mephitic Cloud                 Conjuration/Poison/Air       3
Comestibles
 d - a bread ration
 f - 2 slices of pizza
 r - 3 chunks of flesh


   Skills:
 * Level 2.0 Fighting
 - Level 1.7 Dodging
 - Level 1.7 Stealth
 * Level 4.6 Spellcasting
 * Level 3.4 Conjurations
   Level 1.0 Summonings
 - Level 0.8 Translocations


You had 5 spell levels left.
You knew the following spells:

 Your Spells              Type           Power        Failure   Level  Hunger
a - Magic Dart            Conj           ###.         2%          1    None
b - Blink                 Tloc           N/A          14%         2    #......
c - Repel Missiles        Chrm/Air       #.....       21%         2    #......
d - Mephitic Cloud        Conj/Pois/Air  #.......     24%         3    ##.....


Dungeon Overview and Level Annotations

Branches:
Dungeon (4/15)
 Temple: D:4-7

Altars:
Ashenzari

Annotations:
D:4 Natasha, Sigmund


Innate Abilities, Weirdness & Mutations

((You are mostly covered in thin metallic scales (AC +3).))


Message History

Natasha howls an incantation.
Natasha shimmers violently.
Natasha claws you but does no damage. The orc wizard casts a spell at you.
The magic dart hits you!
* * * LOW HITPOINT WARNING * * *
The worker ant bites you.
* * * LOW HITPOINT WARNING * * *
Sigmund barely misses Natasha.
You hit the worker ant.
The worker ant is heavily wounded.
* * * LOW HITPOINT WARNING * * *
You feel sick.
You are no longer poisoned.
Sigmund seems less confused.
The orc wizard hits you but does no damage.
The giant cockroach bites you but does no damage.
Natasha claws you but does no damage.
The phantom blinks!
The worker ant bites you.
You die...

.a. #$. #.# #†#
#.# #)#
#.######..
####haso..5..
#.5@.♣#####..
#.##o## #. #.
#(# .. # ##(# .#
##.<#.##.#
##.#..#....... #
..#.(.....<..
#.#.§[.......##
....§h...(...h.#


You could see Sigmund, a worker ant, 2 orc wizards, Natasha, a crimson imp, a
shadow imp and a giant cockroach.

Vanquished Creatures
  2 orc wizards
  3 adders
  4 gnolls
  An ooze (D:3)
  2 worms (D:2)
  2 dart slugs (D:1)
  A giant gecko (D:4)
  14 orcs
  A ball python (D:2)
  2 giant cockroaches (D:2)
  10 goblins
  2 hobgoblins
  11 jackals
  7 bats
  3 giant newts
  2 kobolds
  8 rats
75 creatures vanquished.

Notes
Turn   | Place    | Note
--------------------------------------------------------------
     0 | D:1      | Chiseanne the Demonspawn Wizard began the quest for the Orb.
     0 | D:1      | Reached XP level 1. HP: 13/13 MP: 4/4
   362 | D:1      | Gained mutation: You are partially covered in thin metallic scales (AC +2). [demonic ancestry]
   362 | D:1      | Reached XP level 2. HP: 19/19 MP: 3/6
   564 | D:1      | Learned a level 2 spell: Blink
   567 | D:1      | Learned a level 2 spell: Repel Missiles
  1308 | D:2      | Gained mutation: You are mostly covered in thin metallic scales (AC +3). [demonic ancestry]
  1308 | D:2      | Reached XP level 3. HP: 24/24 MP: 4/8
  1983 | D:2      | Learned a level 3 spell: Mephitic Cloud
  2158 | D:2      | Reached skill level 4 in Spellcasting
  2547 | D:3      | Found a shattered altar of Ashenzari.
  2563 | D:3      | Reached XP level 4. HP: 30/30 MP: 7/10
  3036 | D:3      | Reached skill level 1 in Fighting
  3036 | D:3      | Reached XP level 5. HP: 18/37 MP: 6/11
  3506 | D:4      | Noticed Sigmund
  3792 | D:4      | Noticed a phantom
  3854 | D:4      | Noticed Natasha
  3876 | D:4      | HP: 2/57 [worker ant (3)]
  3877 | D:4      | Slain by a worker ant

Skill      XL: |  1  2  3  4  5 |
---------------+----------------+-----
Conjurations   | 2 3 |  3.4
Spellcasting   | 4 |  4.6
Fighting       | 1 2 |  2.0
Dodging        | |  1.7
Stealth        | |  1.7
Summonings     | |  1.0
Translocations | |  0.8

Action                   |  1- 3 |  4- 6 || total
-------------------------+-------+-------++-------
Melee: Dagger            |     3 |       ||     3
       Whip              |    14 |       ||    14
       Quarterstaff      |       |    81 ||    81
 Cast: Magic Dart        |   104 |    39 ||   143
       Repel Missiles    |     1 |     2 ||     3
       Mephitic Cloud    |     1 |     9 ||    10
       Blink             |     1 |       ||     1
  Use: Scroll            |     9 |     4 ||    13
       Potion            |       |     4 ||     4
 Stab: Confused          |     1 |     2 ||     3
       Sleeping          |     1 |       ||     1
  Eat: Chunk             |     5 |     5 ||    10
Armor: Robe              |    12 |    35 ||    47
       Skin              |       |    76 ||    76
Dodge: Dodged            |    28 |    73 ||   101
       Deflected         |       |     2 ||     2
